 Dungeon Crawl Stone Soup version 0.30.0-5-g1a98f26d00 (webtiles) character file.

Game seed: 9262437229574745309

546 Foic the Sneak (level 7, -13/32 HPs)
             Began as a Vine Stalker Hedge Wizard on May 11, 2023.
             Was a Believer of Jiyva.
             Mangled by a two-headed ogre
             ... wielding a +0 giant spiked club
              (18 damage)
             ... on level 6 of the Dungeon.
             The game lasted 00:35:04 (6217 turns).

Foic the Sneak (Vine Stalker Hedge Wizard)          Turns: 6217, Time: 00:35:05

Health: -13/32     AC:  7    Str: 12    XL:     7   Next: 28%
Magic:  0/15       EV: 13    Int: 16    God:    Jiyva [**....]
Gold:   171        SH:  0    Dex: 14    Spells: 10/15 levels left

rFire   . . .        a - +0 dagger
rCold   . . .        (no shield)
rNeg    . . .        b - +0 robe
rPois   .            p - +0 helmet
rElec   .            (no cloak)
rCorr   +            (no gloves)
SInv    .            (no boots)
Will    .....        d - amulet of magic regeneration
Stlth   +++          k - +4 ring of protection
HPRegen 2.01/turn    (no ring)
MPRegen 0.84/turn

%: guardian spirit
@: no status effects
A: fangs 3, regeneration 1, magic shield, antimagic bite, no potion heal 2,
talons 1
a: Renounce Religion


You were on level 6 of the Dungeon.
You worshipped Jiyva.
Jiyva was pleased with you.
You visited 1 branch of the dungeon, and saw 6 of its levels.

You collected 171 gold pieces.

Inventory:

Hand Weapons
 a - a +0 dagger (weapon)
 q - a +0 trident
Missiles
 e - 30 stones
 f - 3 poisoned darts
Armour
 b - a +0 robe (worn)
 c - a +0 hat
 i - a +0 leather armour
 p - a +0 helmet (worn)
 r - the +1 buckler of the Engineer {rF+ rC+}
   (You found it on level 4 of the Dungeon)

   rF:        It protects you from fire.
   rC:        It protects you from cold.
Magical Staves
 h - a staff of air
Jewellery
 d - an amulet of magic regeneration (around neck)
 k - a +4 ring of protection (left hand)
Scrolls
 m - a scroll of vulnerability {unknown}
 n - a scroll of magic mapping {unknown}
 o - a scroll of teleportation {unknown}
Potions
 l - 3 potions of curing


   Skills:
 - Level 0.7 Fighting
 - Level 0.7 Short Blades
 * Level 3.0 Dodging
 * Level 5.3 Stealth
 * Level 4.7 Spellcasting
 + Level 2.5 Conjurations
 + Level 2.4 Summonings
 + Level 2.3 Translocations


You had 10 spell levels left.
You knew the following spells:

 Your Spells              Type           Power      Damage    Failure   Level
a - Magic Dart            Conj           44%        1d5       5%          1
b - Blink                 Tloc           22%        N/A       9%          2
c - Call Imp              Summ           22%        N/A       9%          2

Your spell library contained the following spells:

 Spells                   Type           Power      Damage    Failure   Level
 Slow                     Hex            12%        N/A       16%         1
 Cigotuvi's Dreadful Rot  Necr/Pois/Air  6%         N/A       24%         2
 Mephitic Cloud           Conj/Pois/Air  6%         N/A       32%         3


Dungeon Overview and Level Annotations

Branches:
Dungeon (6/15)
 Temple: D:4-7

Altars:
Nemelex Xobeh
Ru
Trog
Uskayaw
Jiyva

Shops:
D:2 [:*

Annotations:
D:4 3 runed translucent doors, SharpKris's ghost, amateur DEFE


Innate Abilities, Weirdness & Mutations

You have razor-sharp teeth.
Your natural rate of healing is unusually fast.
When hurt, damage is shared between your health and your magic reserves.
Your bite disrupts and absorbs the magic of your enemies.
Potions cannot restore your health.
You have sharp toenails.


Message History

Your cerulean imp disappears in a puff of smoke!
Casting: Magic Dart (safe; 5% risk of failure)
Confirm with . or Enter, or press ? or * to list all spells.
A tiny devil pulls itself out of the air.
The two-headed ogre attacks as you move away!
The two-headed ogre closely misses you. x2
Your cerulean imp hits the two-headed ogre from afar with a -3 spear.
Your cerulean imp closely misses the two-headed ogre.
There is an open door here.
Aiming: Magic Dart (safe; 5% risk of failure)
Press: ? - help, Q - select action, (/) - cycle Shift-Dir - straight line, f/p - two-headed ogre
Aim: a two-headed ogre, wielding two +0 giant spiked clubs (lightly wounded, ally target, 100% to hit)
The magic dart hits the two-headed ogre but does no damage.
The two-headed ogre is lightly wounded.
You swap places.
Your cerulean imp barely misses the two-headed ogre.
The two-headed ogre hits your cerulean imp with a +0 giant spiked club!!
Your cerulean imp dies!
Your cerulean imp disappears in a puff of smoke!
Aiming: Magic Dart (safe; 5% risk of failure)
Press: ? - help, Q - select action, (/) - cycle Shift-Dir - straight line, f/p - two-headed ogre
Aim: a two-headed ogre, wielding two +0 giant spiked clubs (lightly wounded, 100% to hit)
The magic dart hits the two-headed ogre.
The two-headed ogre is lightly wounded.
The two-headed ogre attacks as you move away!
The two-headed ogre misses you.
The two-headed ogre hits you with a +0 giant spiked club.
Casting: Magic Dart (safe; 5% risk of failure)
Confirm with . or Enter, or press ? or * to list all spells.
A tiny devil pulls itself out of the air.
Your cerulean imp closely misses the two-headed ogre.
The two-headed ogre attacks as you move away!
The two-headed ogre hits you with a +0 giant spiked club!!
Ouch! That really hurt!
The two-headed ogre hits you with a +0 giant spiked club!
* * * LOW HITPOINT WARNING * * *
The two-headed ogre attacks as you move away!
The two-headed ogre hits you with a +0 giant spiked club!!
Ouch! That really hurt!
You die...

#................#
#.>........#
##'#####.<.#
##...###...#
#....#.....#
#....#.....#
##...'.....#
#.5.##...<#
#...##@...#
#..<.O....#
#..>......+
#.........#
#.........#
#.........#
#.........#
########..# +##


You could see a two-headed ogre.

Vanquished Creatures
  A water moccasin (D:4)
  Duvessa (D:5)
  Dowan (D:5)
  A sleepcap (D:6)
  An iguana (D:4)
  An orc wizard (D:4)
  2 hound skeletons (D:3)
  5 adders
  3 adder skeletons (D:3)
  A worm (D:5)
  A dart slug (D:3)
  5 orcs
  3 endoplasms (D:1)
  2 giant cockroaches (D:1)
  4 goblins
  4 hobgoblins (D:1)
  8 jackals
  A quokka (D:1)
  3 ball pythons
  A ball python zombie (D:3)
  2 bats
  2 frilled lizards (D:1)
  5 kobolds
  A quokka zombie (D:3)
  6 rats
65 creatures vanquished.

Vanquished Creatures (collateral kills)
  2 orcs (D:4)
  2 giant cockroaches (D:5)
4 creatures vanquished.

Vanquished Creatures (others)
  Sigmund (D:5)
  Edmund (D:5)
  A black bear (D:4)
  A phantom (D:5)
  A scorpion (D:4)
  7 jellies
  A centaur zombie (D:3)
  3 hounds
  2 sleepcaps (D:4)
  2 orc wizards (D:4)
  A hound zombie (D:3)
  An adder (D:3)
  2 adder skeletons (D:3)
  4 orcs
  An endoplasm (D:3)
  A giant cockroach (D:5)
  5 hobgoblins
  2 jackals (D:4)
  2 quokkas
  A quokka skeleton (D:3)
  A quokka zombie (D:3)
  A rat (D:3)
42 creatures vanquished.

Grand Total: 111 creatures vanquished

Notes
Turn   | Place    | Note
-------+----------+-------------------------------------------
     0 | D:1      | Foic the Vine Stalker Hedge Wizard began the quest for the
                  | Orb.
     0 | D:1      | Reached XP level 1. HP: 9/9 MP: 5/5
    88 | D:1      | You fall into a shaft and drop 1 floor!
   304 | D:1      | Reached XP level 2. HP: 13/13 MP: 4/7
   336 | D:1      | Learned a level 2 spell: Blink
   339 | D:1      | Learned a level 2 spell: Call Imp
   737 | D:1      | Reached skill level 3 in Stealth
  1343 | D:1      | Reached XP level 3. HP: 16/16 MP: 0/8
  1738 | D:2      | Found Nuenuer's General Store.
  1835 | D:2      | Found a transporter.
  1849 | D:2      | Found Gavosus's Book Shoppe.
  1851 | D:2      | Found a transporter.
  1908 | D:2      | Found a bloodstained altar of Trog.
  2309 | D:2      | Found Suhosulo's Antique Armour Shop.
  2412 | D:2      | Gained mutation: Your natural rate of healing is unusually
                  | fast. [Vine Stalker growth]
  2412 | D:2      | Reached XP level 4. HP: 20/21 MP: 4/10
  2613 | D:3      | Found a faded altar of an unknown god.
  2623 | D:3      | Prayed at the altar of an unknown god.
  2623 | D:3      | Became a worshipper of Jiyva Jaqafav the Shapeless
  2623 | D:3      | Reached * piety under Jiyva
  2723 | D:3      | Found a sacrificial altar of Ru.
  2890 | D:3      | Found a hide-covered altar of Uskayaw.
  2962 | D:3      | Reached skill level 4 in Stealth
  2962 | D:3      | Reached XP level 5. HP: 25/25 MP: 8/11
  3428 | D:4      | Killed a black bear
  3526 | D:4      | Identified the +1 buckler of the Engineer {rF+ rC+}
  3536 | D:4      | Reached ** piety under Jiyva
  3839 | D:4      | Found a runed translucent gate.
  3839 | D:4      | Found a runed translucent gate.
  3839 | D:4      | Found a runed translucent gate.
  3839 | D:4      | Noticed SharpKris's ghost (amateur DEFE)
  3877 | D:5      | Entered Level 5 of the Dungeon
  3885 | D:5      | Noticed Sigmund
  3947 | D:5      | Noticed Dowan
  3947 | D:5      | Noticed Edmund
  3949 | D:5      | Noticed Duvessa
  5056 | D:5      | Noticed a water moccasin
  5113 | D:4      | Killed a water moccasin
  5114 | D:4      | Reached XP level 6. HP: 16/29 MP: 4/13
  5168 | D:5      | Gained mutation: You have sharp toenails. [potion of
                  | mutation]
  5168 | D:5      | Gained mutation: You have razor-sharp teeth. [potion of
                  | mutation]
  5269 | D:5      | Killed Duvessa
  5297 | D:5      | Killed Sigmund
  5332 | D:5      | Killed Dowan
  5333 | D:5      | Reached skill level 5 in Stealth
  5641 | D:5      | Killed Edmund
  5642 | D:5      | Reached XP level 7. HP: 32/32 MP: 14/14
  5816 | D:5      | Found a sparkling altar of Nemelex Xobeh.
  6150 | D:6      | Noticed a two-headed ogre
  6217 | D:6      | Mangled by a two-headed ogre

Illustrated notes

Levels and vault maps discovered:
D:1:      enne_arrival_octagon_isle, layout_loops_corners, serial_forest,
          infiniplex_forest_clump_long, infiniplex_forest_clump_double,
          infiniplex_forest_lined_room_, infiniplex_forest_lined_room_,
          infiniplex_forest_3_way, infiniplex_forest_lined_room_2
D:2:      layout_basic, basic_altar, serial_shops, shop,
          nicolae_shop_window_shopping, nicolae_shop_drivethru
D:3:      layout_loops_ring, nicolae_uskayaw_suspiria, nicolae_ru_path_of_blood,
          serial_undead, serial_undead_c, serial_undead_c, serial_undead_c,
          serial_undead_f, serial_undead_f, serial_undead_c, serial_undead_d,
          serial_undead_b, serial_undead_c, serial_undead_a,
          shapermc_ecumenical_altar_venn, hangedman_abyss_or_decor_lesser_grid
D:4:      layout_basic, ebering_ghost_rock_garden
D:5:      layout_rooms, nemelex_spade_bored_becter, gup_sewer_entry_spiral,
          uniq_duvessa, uniq_sigmund, uniq_edmund
D:6:      layout_gridville, regret_index_temple_of_mockery, serial_bayou_pond_b,
          nicolae_nh_ransacked_shop

Skill      XL: |  1  2  3  4  5  6 |
---------------+-------------------+-----
Stealth        | 3 4 5 |  5.3
Dodging        | 2 3 |  3.0
Spellcasting   | 4 |  4.7
Conjurations   | 2 |  2.5
Summonings     | 2 |  2.4
Translocations | 2 |  2.3
Fighting       | |  0.7
Short Blades   | |  0.7

Action                     |  1- 3 |  4- 6 |  7- 9 || total
---------------------------+-------+-------+-------++-------
  Melee: Dagger            |    26 |    12 |       ||    38
         Bite              |     2 |     4 |       ||     6
         Kick              |       |     1 |       ||     1
   Cast: Magic Dart        |   100 |   256 |    32 ||   388
         Blink             |     1 |     3 |     1 ||     5
         Call Imp          |       |    30 |    11 ||    41
    Use: Potion            |     3 |     5 |       ||     8
 Armour: Robe              |    23 |    40 |     2 ||    65
  Dodge: Dodged            |    37 |    79 |     4 ||   120
